 Dungeon Crawl Stone Soup version 0.28-a0-533-g9f97627e2a (webtiles) character file.

Game seed: 1473361124193268287

2037 Banto the Spear-Bearer (level 9, -35/61 HPs)
             Began as a Demonspawn Gladiator on Sept 25, 2021.
             Annihilated by a boulder beetle (57 damage)
             ... on level 6 of the Dungeon.
             The game lasted 00:07:58 (7357 turns).

Banto the Spear-Bearer (Demonspawn Gladiator)       Turns: 7357, Time: 00:07:59

Health: -35/61     AC:  9    Str: 14    XL:     9   Next: 4%
Magic:  9/9        EV:  9    Int: 13    God:
Gold:   303        SH:  0    Dex: 15    Spells: 8/8 levels left

rFire   + + .      SeeInvis .   a - +0 trident
rCold   x . .      Faith    .   (no shield)
rNeg    . . .      Spirit   .   w - +1 fire dragon scales
rPois   .          Reflect  .   (helmet restricted)
rElec   .          Harm     .   (no cloak)
rCorr   +          Rampage  .   (no gloves)
Will    .....                   (no boots)
Stlth   ..........              (no amulet)
HPRegen 0.20/turn               o - +4 ring of slaying
MPRegen 0.11/turn               e - ring of resist corrosion

@: no status effects
A: horns 1, powered by death 2, demonic magic 2
a: no special abilities


You were on level 6 of the Dungeon.
You visited 2 branches of the dungeon, and saw 8 of its levels.
You also visited: Sewer.

You collected 303 gold pieces.

Inventory:

Hand Weapons
 a - a +0 trident (weapon)
 g - a +1 dagger of venom
 y - a +0 trident
Missiles
 d - a throwing net (quivered)
Armour
 b - a +0 leather armour
 w - +1 fire dragon scales (worn)
Jewellery
 e - a ring of resist corrosion (right hand)
 o - a +4 ring of slaying (left hand)
 s - a ring of protection from fire
 B - a ring of protection from cold
Wands
 c - a wand of iceblast (8)
 m - a wand of acid (9)
 x - a wand of flame (12)
Scrolls
 f - 2 scrolls of blinking
 h - a scroll of fog
 i - a scroll of vulnerability {unknown}
 j - 2 scrolls of noise {unknown}
 p - 3 scrolls of enchant weapon
 q - a scroll of silence {unknown}
 u - a scroll of enchant armour
 A - a scroll of fear {unknown}
Potions
 k - 2 potions of heal wounds
 l - 2 potions of might
 n - 2 potions of berserk rage
 t - a potion of brilliance
 v - a potion of curing
 z - a potion of flight {unknown}
Miscellaneous
 r - a phantom mirror


   Skills:
 - Level 2.0 Fighting
 + Level 11.2 Polearms
 - Level 1.7 Throwing
 - Level 2.6 Dodging


You had 8 spell levels left.
You didn't know any spells.
Your spell library contained the following spells:

 Spells                   Type           Power      Damage    Failure   Level
 Static Discharge         Conj/Air       0%         N/A       96%         2
 Ozocubu's Armour         Ice            0%         N/A       99%         3
 Dispel Undead            Necr           0%         3d6       100%        4
 Sticky Flame             Conj/Fire      0%         2d3       100%        4
 Metabolic Englaciation   Hex/Ice        0%         N/A       100%        5
 Simulacrum               Ice/Necr       0%         N/A       100%        6


Dungeon Overview and Level Annotations

Branches:
Dungeon (7/15)             Temple (1/1) D:6           Sewer (visited)

Altars:
Ashenzari
Cheibriados
Dithmenos
Elyvilon
Fedhas
Gozag
Hepliaklqana
Kikubaaqudgha
Makhleb
Nemelex Xobeh
Qazlal
Ru
Sif Muna
Trog
Uskayaw
Vehumet
Xom
Yredelemnul
Zin
The Shining One

Shops:
D:5 :

Annotations:
D:6 4 runed translucent doors


Innate Abilities, Weirdness & Mutations

You have a pair of small horns on your head.
You regenerate health from kills.
Spells you cast may paralyse nearby enemies.


Message History

Okay, then.
You reach to attack!
You hit the boulder beetle.
The boulder beetle is lightly wounded.
You hit the boulder beetle but do no damage.
The boulder beetle is lightly wounded.
You puncture the boulder beetle!
You headbutt the boulder beetle, but do no damage.
The boulder beetle is moderately wounded.
The boulder beetle bites you but does no damage.
You hit the boulder beetle but do no damage.
The boulder beetle is moderately wounded.
The boulder beetle bites you!!
You take 20 damage, and have 41/61 hp.
MASSIVE DAMAGE!!
You hit the boulder beetle.
The boulder beetle is moderately wounded.
The boulder beetle bites you but does no damage.
There is a stone staircase leading up here.
You hit the boulder beetle but do no damage.
The boulder beetle is moderately wounded.
The boulder beetle bites you!
You take 15 damage, and have 27/61 hp.
MASSIVE DAMAGE!!
You are too injured to fight recklessly!
You are too injured to fight recklessly!
The boulder beetle bites you!
You climb upwards.
Level annotation: 4 runed translucent doors
There is a stone staircase leading down here.
You take 7 damage, and have 20/61 hp.
You are too injured to fight recklessly!
You are too injured to fight recklessly!
You hit the boulder beetle but do no damage.
You headbutt the boulder beetle.
The boulder beetle is moderately wounded.
The boulder beetle curls into a ball and begins rolling!
The boulder beetle hits you but does no damage.
The boulder beetle stops rolling and uncurls.
The boulder beetle curls into a ball and begins rolling!
The boulder beetle hits you!!!
Ouch! That really hurt!
You die...

##............#..#..
##...)..........### #######
###...........###. #.....#
####....#....##. #.....#
#....(......##.
#.....#######..............
#........°○......).........
#.....#####B....!..........
#.....# ##@..............#.
#.....###..................
#......###.##............).
######.#...#######...####.<
#.>.########..#......)
##...........##..#####
#.#..................
####..........####......
####................#......


You could see a boulder beetle (rolling).

Vanquished Creatures
  Grinder (D:5)
  Sigmund (D:6)
  An orc warrior (D:6)
  3 ice beasts (D:6)
  4 ogres
  Blork the orc (D:5)
  3 bullfrogs
  A wyvern zombie (D:6)
  3 scorpions
  A howler monkey (D:6)
  A centaur skeleton (D:4)
  4 hounds
  An orc priest (D:5)
  2 iguanas (D:6)
  2 orc wizards
  A hound skeleton (D:5)
  A howler monkey skeleton (D:4)
  7 adders
  2 ufetubi (D:5)
  An adder skeleton (D:4)
  A dart slug (D:1)
  9 orcs
  4 ball pythons
  An endoplasm (D:3)
  9 giant cockroaches
  5 goblins
  5 hobgoblins
  4 jackals (D:3)
  11 quokkas
  5 frilled lizards
  10 kobolds
  6 rats
111 creatures vanquished.

Notes
Turn   | Place    | Note
-------+----------+-------------------------------------------
     0 | D:1      | Banto the Demonspawn Gladiator began the quest for the Orb.
     0 | D:1      | Reached XP level 1. HP: 16/16 MP: 1/1
   158 | D:1      | Reached skill level 3 in Polearms
   363 | D:1      | Gained mutation: Spells you cast may paralyse adjacent
                  | enemies. [demonic ancestry]
   363 | D:1      | Reached XP level 2. HP: 18/22 MP: 2/2
  1343 | D:2      | Reached XP level 3. HP: 26/27 MP: 3/3
  1525 | D:3      | Reached skill level 4 in Polearms
  1658 | D:3      | Found a sacrificial altar of Ru.
  1876 | D:3      | Found a blossoming altar of Fedhas.
  2467 | D:4      | Gained mutation: Spells you cast may paralyse nearby
                  | enemies. [demonic ancestry]
  2467 | D:4      | Reached XP level 4. HP: 26/33 MP: 4/4
  2709 | D:4      | Noticed a scorpion
  2715 | D:4      | Killed a scorpion
  2716 | D:4      | Reached skill level 5 in Polearms
  2894 | D:4      | Reached XP level 5. HP: 37/38 MP: 5/5
  3150 | D:5      | Entered Level 5 of the Dungeon
  3150 | D:5      | Noticed an ogre
  3150 | D:5      | Noticed an ogre
  3150 | D:5      | Found Imuasayn's Book Shop.
  3151 | D:5      | Noticed Grinder
  3164 | D:4      | Killed an ogre
  3165 | D:4      | Reached skill level 6 in Polearms
  3165 | D:4      | Gained mutation: You regenerate a little health from kills.
                  | [demonic ancestry]
  3165 | D:4      | Reached XP level 6. HP: 44/44 MP: 6/6
  3344 | D:5      | Killed Grinder
  3345 | D:5      | Reached skill level 7 in Polearms
  3345 | D:5      | Gained mutation: You have a pair of small horns on your
                  | head. [demonic ancestry]
  3345 | D:5      | Reached XP level 7. HP: 28/50 MP: 7/7
  3518 | D:5      | Found a glowing drain.
  3541 | Sewer    | Entered a sewer
  3822 | Sewer    | Reached skill level 8 in Polearms
  4362 | D:5      | Noticed Blork the orc
  4376 | D:5      | Killed Blork the orc
  4696 | D:6      | Reached skill level 9 in Polearms
  4696 | D:6      | Reached XP level 8. HP: 22/56 MP: 8/8
  5130 | D:6      | Noticed Sigmund
  5159 | D:6      | Killed Sigmund
  5322 | D:6      | Found a large runed translucent door.
  5322 | D:6      | Found a large runed translucent door.
  5324 | D:6      | Noticed a two-headed ogre
  5324 | D:6      | Noticed a cyclops
  5345 | D:6      | Reached skill level 10 in Polearms
  6201 | D:6      | Found a large runed translucent door.
  6201 | D:6      | Found a large runed translucent door.
  6743 | D:6      | Reached skill level 11 in Polearms
  6803 | D:6      | Found an opulent altar of Gozag.
  6951 | D:6      | Gained mutation: You regenerate health from kills. [demonic
                  | ancestry]
  6951 | D:6      | Reached XP level 9. HP: 56/61 MP: 9/9
  7014 | D:6      | Found a broken altar of Ashenzari.
  7062 | D:6      | Found a staircase to the Ecumenical Temple.
  7090 | Temple   | Entered the Ecumenical Temple
  7322 | D:7      | Noticed a boulder beetle
  7357 | D:6      | Annihilated by a boulder beetle

Illustrated notes

Levels and vault maps discovered:
D:1:      sevenhm_arrival_forest_fort_small_4, layout_basic
D:2:      layout_rooms
D:3:      layout_loops_ring, mainiacjoe_overflow_boulevard,
          mainiacjoe_overflow_large_starburst
D:4:      layout_loops_ring, minmay_misc_feat_pillars
D:5:      layout_basic, gup_sewer_entry_pipe, serial_shops,
          nicolae_stop_n_shop_1, minmay_misc_feat_cross, uniq_grinder,
          uniq_blork_the_orc
D:6:      layout_rooms, mainiacjoe_overflow_surrounded_room,
          lemuel_coloured_pillars_altar, temple_green,
          minmay_hollow_rounded_squares, uniq_sigmund
D:7:      layout_gridville, nrook_mini_vaults, the_hattery, uniq_menkaure
Temple:   regret_index_temple_waves

Skill      XL: |  1  2  3  4  5  6  7  8 |
---------------+-------------------------+-----
Polearms       | 3 4 5 6 7 9 11 | 11.2
Fighting       | |  2.0
Throwing       | |  1.7
Dodging        | |  2.6

Action                   |  1- 3 |  4- 6 |  7- 9 || total
-------------------------+-------+-------+-------++-------
Melee: Dagger            |   132 |    59 |    30 ||   221
       Trident           |     3 |    18 |   220 ||   241
       Headbutt          |       |       |    31 ||    31
Throw: Throwing net      |       |       |     2 ||     2
Evoke: Wand              |       |       |     1 ||     1
  Use: Scroll            |     6 |       |     4 ||    10
       Potion            |       |     1 |       ||     1
 Stab: Sleeping          |     1 |       |       ||     1
Armor: Leather armour    |    36 |    16 |    21 ||    73
       Skin              |       |     7 |       ||     7
       Fire dragon scale |       |       |    37 ||    37
Dodge: Dodged            |    88 |    38 |   105 ||   231

Table legend: (Time is in decaauts)
 A = Elapsed time spent in this place.
 B = Non-inter-level travel time spent in this place.
 C = Inter-level travel time spent in this place.
 D = Time resting spent in this place.
 E = Time spent auto-exploring this place.
 F = Levels seen in this place.
 G = Mean time per level.
                   A        B        C        D        E       F      G
               +--------+--------+--------+--------+--------+-----+--------+
         Total |   7375 |   7126 |    249 |   1836 |   3900 |   9 |  819.4 |
       Dungeon |   6691 |   6461 |    230 |   1602 |   3700 |   7 |  955.9 |
        Temple |    143 |    125 |     18 |      0 |    110 |   1 |  143.0 |
         Sewer |    540 |    540 |      0 |    234 |     90 |   1 |  540.0 |
               +--------+--------+--------+--------+--------+-----+--------+

Top non-repeatable levels by time:
     D:5: 1828 daAuts
     D:6: 1661 daAuts
     D:3: 873 daAuts
     D:4: 788 daAuts
     D:2: 775 daAuts
     D:1: 734 daAuts
   Sewer: 540 daAuts
  Temple: 143 daAuts
     D:7: 29 daAuts

Table legend:
 A = Kills in this place as a percentage of kills in entire the game.
 B = Kills by you in this place as a percentage of kills by you in the entire game.
 C = Kills by friends in this place as a percentage of kills by friends in the entire game.
 D = Other kills in this place as a percentage of other kills in the entire game.
 E = Experience gained in this place as a percentage of experience gained in the entire game.
 F = Experience gained in this place divided by the number of levels of this place that you have seen.
                   A       B       C       D       E      F
               +-------+-------+-------+-------+-------+----------------------
         Total | 100.0 | 100.0 |   N/A |   N/A | 100.0 | 323.3
       Dungeon |  83.8 |  83.8 |   N/A |   N/A |  92.6 | 384.9
         Sewer |  16.2 |  16.2 |   N/A |   N/A |   7.4 | 216.0
               +-------+-------+-------+-------+-------+----------------------
